 Dungeon Crawl Stone Soup version 0.24.0-123-gd5b16e6ec5 (webtiles) character file.

Game seed: 5390011020590334901, levelgen mode: deterministic

41 Legadrian the Changer (level 3, 0/26 HPs)
             Began as a Human Transmuter on Feb 12, 2020.
             Slain by a bat (1 damage)
             ... on level 2 of the Dungeon.
             The game lasted 00:07:48 (1832 turns).

Legadrian the Changer (Human Transmuter)            Turns: 1832, Time: 00:07:49

Health: 0/26       AC:  1    Str:  8    XL:     3   Next: 75%
Magic:  6/6        EV: 12    Int: 14    God:
Gold:   120        SH:  0    Dex: 13    Spells: 0/6 levels left

rFire    x . .     SeeInvis .   e - +2 mace
rCold    + . .     Gourm    .   (no shield)
rNeg     . . .     Faith    .   b - +0 robe
rPois    +         Spirit   .   (no helmet)
rElec    .         Reflect  .   (no cloak)
rCorr    .         Harm     .   (no gloves)
MR       .....     Clarity  +   (no boots)
Stlth    +.........             (no amulet)
HPRegen  0.00/turn              h - ring of poison resistance
MPRegen  0.10/turn              j - ring of ice

@: no status effects
A: clarity, deformed body, inhibited regeneration, weak 1
a: no special abilities


You were on level 2 of the Dungeon.
You were not hungry.

You visited 1 branch of the dungeon, and saw 2 of its levels.

You collected 120 gold pieces.

Inventory:

Hand Weapons
 e - a +2 mace (weapon)
Missiles
 a - 31 arrows
 f - 18 bolts
Armour
 b - a +0 robe (worn)
Jewellery
 h - a ring of poison resistance (left hand)
 j - a ring of ice (right hand)
Scrolls
 c - a scroll of teleportation
 g - a scroll of remove curse
Comestibles
 d - 3 rations


   Skills:
 - Level 1.0 Fighting
 - Level 0.2 Maces & Flails
 - Level 2.0 Dodging
 - Level 3.0 Unarmed Combat
 - Level 2.0 Spellcasting
 * Level 3.5 Transmutations
 * Level 0.7 Poison Magic


You couldn't memorise any spells.
You knew the following spells:

 Your Spells              Type           Power        Failure   Level  Hunger
a - Beastly Appendage     Tmut           ##....       5%          1    ##.....
b - Sticks to Snakes      Tmut           ##......     9%          2    ###....
c - Spider Form           Tmut/Pois      #.........   30%         3    ####...

Your spell library contained the following spells:

 Spells                   Type           Power        Failure   Level  Hunger
 Ice Form                 Ice/Tmut       #.......     75%         4    #####..
 Blade Hands              Tmut           ##........   83%         5    ######.


Dungeon Overview and Level Annotations

Branches:
Dungeon (2/15)

Altars:
Gozag
Qazlal
Zin

Annotations:
D:2 Natasha


Innate Abilities, Weirdness & Mutations

You possess an exceptional clarity of mind.
Armour fits poorly on your strangely shaped body.
You do not regenerate when monsters are visible.
You are weak. (Str -2)


Message History

The adder barely misses you.
You hit the adder but do no damage.
The adder is severely wounded.
The adder barely misses you. The adder bites you.
* * * LOW HITPOINT WARNING * * *
Natasha mumbles some strange words.
Your horns disappear.
The crimson imp blinks!
The adder barely misses you. The adder misses you. The adder barely misses you.
The bat hits you but does no damage.
A giant cockroach comes into view.
The bat misses you. The bat hits you.
* * * LOW HITPOINT WARNING * * *
The bat hits you.
* * * LOW HITPOINT WARNING * * *
The bat hits you.
You die...

#.##.####......#........^.
###.##..##........##..##...#
#...###............#..##.#.#
######.######...........#........
.......####.................#.##.
............##..........#...#.##.
###......#........<.......#..[##.
#......#.....b.................
#......###...S@..<<.(.#.###..#.
##...#.h.g.#..........#.####...
#..##.####..................#.
##..g..####....................
###...#####......................
......# #..###.......s..........
.###.## ##.## ##.................
.###.####..## ####.............#
...#b#......####....###...##...##


You could see Natasha, an adder, a giant cockroach, a goblin and a bat.

Vanquished Creatures
  A worm (D:2)
  3 dart slugs
  4 bats (D:1)
  2 giant cockroaches (D:1)
  6 goblins
  2 hobgoblins (D:1)
  2 jackals (D:1)
  3 kobolds (D:2)
  3 frilled lizards
  4 rats (D:1)
30 creatures vanquished.

Notes
Turn   | Place    | Note
-------+----------+-------------------------------------------
     0 | D:1      | Legadrian the Human Transmuter began the quest for the Orb.
     0 | D:1      | Reached XP level 1. HP: 15/15 MP: 3/3
     6 | D:1      | Noticed a swamp drake
     6 | D:1      | Noticed a redback
     7 | D:1      | Noticed a wolf
     7 | D:1      | Noticed a polar bear
   290 | D:1      | Reached XP level 2. HP: 9/21 MP: 3/5
   474 | D:1      | Learned a level 2 spell: Sticks to Snakes
   848 | D:1      | Gained mutation: Armour fits poorly on your strangely
                  | shaped body. [potion of mutation]
   848 | D:1      | Gained mutation: You are weak. (Str -2) [potion of
                  | mutation]
   848 | D:1      | Gained mutation: You do not regenerate when monsters are
                  | visible. [potion of mutation]
   848 | D:1      | Gained mutation: You possess an exceptional clarity of
                  | mind. [potion of mutation]
   918 | D:1      | Reached XP level 3. HP: 16/26 MP: 6/6
  1045 | D:1      | Learned a level 3 spell: Spider Form
  1319 | D:2      | Found an opulent altar of Gozag.
  1393 | D:2      | Found a faded altar of an unknown god.
  1659 | D:2      | Noticed an earth elemental
  1664 | D:2      | Found a glowing silver altar of Zin.
  1685 | D:2      | Found a stormy altar of Qazlal.
  1688 | D:2      | Noticed a fire elemental
  1692 | D:2      | Noticed a water elemental
  1694 | D:2      | Noticed an air elemental
  1808 | D:2      | Noticed Natasha
  1832 | D:2      | HP: 1/26 [bat (1)]
  1832 | D:2      | Slain by a bat

Levels and vault maps discovered:
D:1:      onia_arrival_zoo_common, layout_basic, minmay_distorted
D:2:      layout_rooms, lemuel_crystal_altar, zin_academy,
          chequers_ecumenical_altar_island, nicolae_qazlal_style_of_elements,
          uniq_natasha

Skill      XL: |  1  2 |
---------------+-------+-----
Transmutations | 3 |  3.5
Fighting       | |  1.0
Maces & Flails | |  0.2
Dodging        | |  2.0
Unarmed Combat | |  3.0
Spellcasting   | |  2.0
Poison Magic   | |  0.7

Action                   || total
-------------------------++-------
Melee: Unarmed           ||    14
       Mace              ||    86
       Kick              ||     6
       Headbutt          ||     3
       Punch             ||     1
 Cast: Beastly Appendage ||    15
  Use: Scroll            ||     8
       Potion            ||     6
 Stab: Sleeping          ||     1
  Eat: Chunk             ||     3
Armor: Robe              ||    26
Dodge: Dodged            ||   102
